 Dungeon Crawl Stone Soup version 0.30-a0-778-g2ef04afb54 (webtiles) character file.

Game seed: 17287411560266755090

2 omnomnOMINOUS the Sneak (level 1, -2/11 HPs)
             Began as an Octopode Wanderer on Feb 16, 2023.
             Slain by a kobold
             ... wielding a +0 short sword
              (4 damage)
             ... on level 1 of the Dungeon.
             The game lasted 00:00:49 (34 turns).

omnomnOMINOUS the Sneak (Octopode Wanderer)           Turns: 34, Time: 00:00:50

Health: -2/11      AC:  1    Str:  9    XL:     1   Next: 40%
Magic:  2/2        EV: 12    Int: 17    God:
Gold:   0          SH:  0    Dex: 10    Spells: 2/2 levels left

rFire   . . .      SeeInvis .    a - +0 dagger
rCold   . . .      Faith    .    (no shield)
rNeg    . . .      Spirit   .    c - +0 hat
rPois   .          Reflect  .    (no amulet)
rElec   .          Harm     .    (no ring)
rCorr   .          Rampage  .    (no ring)
Will    .....                    (no ring)
Stlth   +++                      (no ring)
HPRegen 0.21/turn                (no ring)
MPRegen 0.08/turn                (no ring)
                                 (no ring)
                                 (no ring)

@: no status effects
A: almost no armour, amphibious, 8 rings, camouflage 1, gelatinous body 1,
(nimble swimmer 1), tentacles
a: no special abilities


You were on level 1 of the Dungeon.
You visited 1 branch of the dungeon, and saw 1 of its levels.

Inventory:

Hand Weapons
 a - a +0 dagger (weapon)
Armour
 c - a +0 hat (worn)
Scrolls
 b - a scroll of fog
 d - a scroll of brand weapon {unknown}


   Skills:
 + Level 0.2 Fighting
 - Level 1.0 Throwing
 + Level 1.1 Dodging
 - Level 2.6 Stealth
 + Level 1.1 Spellcasting
 - Level 2.0 Necromancy
 - Level 2.0 Air Magic
 - Level 1.1 Evocations


You had 2 spell levels left.
You didn't know any spells.
Your spell library contained the following spells:

 Spells                   Type           Power      Damage    Failure   Level
 Kiss of Death            Conj/Necr      16%        2d6       14%         1
 Shock                    Conj/Air       16%        1d4       14%         1
 Static Discharge         Conj/Air       8%         2-3/arc   22%         2
 Swiftness                Air            7%         N/A       28%         3
 Vampiric Draining        Necr           7%         2d6       28%         3


Dungeon Overview and Level Annotations

Branches:
Dungeon (1/15)

Altars:


Innate Abilities, Weirdness & Mutations

You cannot wear most types of armour.
You are amphibious.
You can wear up to eight rings at the same time.
Your skin changes colour to match your surroundings (Stealth+).
Your rubbery body absorbs attacks. (AC +1, EV +1)
((You are camouflaged when in or above water. (Stealth+)))
You have tentacles for arms and can constrict up to eight enemies at once.


Message History

The frilled lizard hisses angrily.
There is a stone staircase leading down here.
Okay, then.
You don't know any spells.
Unknown command.
Okay, then.
The frilled lizard barely misses you.
You hit the frilled lizard.
You kill the frilled lizard!
The ball python hisses angrily.
A giant cockroach comes into view.
A kobold comes into view. It is wielding a +0 short sword.
The ball python closely misses you. The ball python grabs you.
The ball python constricts you. The ball python bites you.
The ball python constricts you.
You escape the ball python's grasp.
The kobold shouts!
You hit the ball python. You grab the ball python.
The ball python is moderately wounded.
You constrict the ball python.
The giant cockroach completely misses you.
The ball python bites you. The ball python grabs you.
The ball python constricts you.
* * * LOW HITPOINT WARNING * * *
The giant cockroach bites you.
* * * LOW HITPOINT WARNING * * *
You hit the ball python but do no damage.
The ball python is severely wounded.
You constrict the ball python.
You kill the ball python!
The giant cockroach barely misses you.
You hit the giant cockroach. Your grab misses the giant cockroach.
The giant cockroach is severely wounded.
The giant cockroach bites you.
* * * LOW HITPOINT WARNING * * *
You hit the giant cockroach.
You kill the giant cockroach!
You closely miss the kobold. Your grab misses the kobold.
The kobold hits you with a +0 short sword.
You die...

#.## ##..#### #.#
.......# #.# ...#.#.#
#.# ..#....# #.#
..#....# #.# ..#..#.#
#.# ..###..# ##K##
......## ##.@.##
.....## ####..†..#.#
......#####..........#
...................###
......#####>.........#
##..#.# ##.#.....#.#
###.#.# #†##...##...
#.#.# ......## .#
..... ...#####


You could see a kobold.

Vanquished Creatures
  A giant cockroach (D:1)
  A ball python (D:1)
  A frilled lizard (D:1)
3 creatures vanquished.

Notes
Turn   | Place    | Note
-------+----------+-------------------------------------------
     0 | D:1      | omnomnOMINOUS the Octopode Wanderer began the quest for the
                  | Orb.
     0 | D:1      | omnomnOMINOUS set off with the following items: a +0
                  | dagger, a scroll of fog, a +0 hat; and the following spells
                  | available to memorise: Kiss of Death, Shock, Static
                  | Discharge, Swiftness, Vampiric Draining.
     0 | D:1      | Reached XP level 1. HP: 11/11 MP: 2/2
    34 | D:1      | Slain by a kobold

Illustrated notes

Levels and vault maps discovered:
D:1:      erik_arrival_blinker_ship, layout_loops_ring,
          hellmonk_ecumenical_altar_dog_temple

Action                     || total
---------------------------++-------
  Melee: Dagger            ||     6
         Constrict         ||     1
  Dodge: Dodged            ||     4

Table legend: (Time is in decaauts)
 A = Elapsed time spent in this place.
 B = Non-inter-level travel time spent in this place.
 C = Inter-level travel time spent in this place.
 D = Time resting spent in this place.
 E = Time spent auto-exploring this place.
 F = Levels seen in this place.
 G = Mean time per level.
                   A        B        C        D        E       F      G
               +--------+--------+--------+--------+--------+-----+--------+
         Total |     34 |     34 |      0 |      0 |     19 |   1 |   34.0 |
       Dungeon |     34 |     34 |      0 |      0 |     19 |   1 |   34.0 |
               +--------+--------+--------+--------+--------+-----+--------+

Top non-repeatable levels by time:
     D:1: 34 daAuts
